 Dungeon Crawl Stone Soup version 0.27-a0-343-gfcad680f63 (webtiles) character file.

Game seed: 16053283724843441080

39 Anon1729 the Magician (level 3, 0/25 HPs)
             Began as a Gnoll Wanderer on Feb 14, 2021.
             Slain by Natasha (4 damage)
             ... on level 2 of the Dungeon.
             The game lasted 00:02:12 (1070 turns).

Anon1729 the Magician (Gnoll Wanderer)              Turns: 1070, Time: 00:02:14

Health: 0/25       AC:  3    Str: 11    XL:     3   Next: 47%
Magic:  7/11       EV: 11    Int: 15    God:
Gold:   42         SH:  0    Dex: 11    Spells: 15/16 levels left

rFire    . . .     SeeInvis .   a - +0 club
rCold    . . .     Faith    .   (no shield)
rNeg     . . .     Spirit   .   c - +0 robe
rPois    .         Reflect  .   g - +0 helmet {Int+3}
rElec    .         Harm     .   (no cloak)
rCorr    .         Rampage  .   (no gloves)
Will     .....                  (no boots)
Stlth    +.........             (no amulet)
HPRegen  0.08/turn              (no ring)
MPRegen  0.12/turn              (no ring)

@: berserk cooldown, very slightly contaminated, slowed, very slow
A: distributed training, fangs 1, strong nose
a: no special abilities


You were on level 2 of the Dungeon.
You visited 1 branch of the dungeon, and saw 2 of its levels.

You collected 42 gold pieces.

Inventory:

Hand Weapons
 a - a +0 club (weapon)
Armour
 c - a +0 robe (worn)
 g - a +0 helmet of intelligence (worn)
Scrolls
 b - 2 scrolls of teleportation
 d - 2 scrolls of identify {unknown}
 e - 2 scrolls of immolation {unknown}
Potions
 f - a potion of berserk rage


   Skills:
 + Level 0.8 Fighting
 + Level 0.8 Short Blades
 + Level 0.8 Long Blades
 + Level 0.8 Axes
 + Level 0.8 Maces & Flails
 + Level 0.8 Polearms
 + Level 0.8 Staves
 + Level 0.8 Slings
 + Level 0.8 Bows
 + Level 0.8 Crossbows
 + Level 0.8 Throwing
 + Level 0.8 Armour
 + Level 0.8 Dodging
 + Level 0.8 Stealth
 + Level 0.8 Shields
 + Level 0.8 Unarmed Combat
 + Level 7.1 Spellcasting
 + Level 0.5 Conjurations
 + Level 5.4 Hexes
 + Level 0.5 Summonings
 + Level 0.5 Necromancy
 + Level 0.5 Translocations
 + Level 0.5 Transmutations
 + Level 0.5 Fire Magic
 + Level 0.5 Ice Magic
 + Level 0.5 Air Magic
 + Level 0.5 Earth Magic
 + Level 3.7 Poison Magic
 + Level 1.0 Invocations
 + Level 4.5 Evocations


You had 15 spell levels left.
You knew the following spells:

 Your Spells              Type           Power        Failure   Level
a - Sting                 Tmut/Pois      44%          5%          1

Your spell library contained the following spells:

 Spells                   Type           Power        Failure   Level
 Poisonous Vapours        Pois/Air       22%          9%          2
 Ignite Poison            Fire/Tmut/Pois 10%          21%         3
 Mephitic Cloud           Conj/Pois/Air  10%          21%         3
 Olgreb's Toxic Radiance  Pois           16%          28%         4


Dungeon Overview and Level Annotations

Branches:
Dungeon (2/15)

Altars:

Annotations:
D:2 Natasha


Innate Abilities, Weirdness & Mutations

Your experience applies equally to all skills.
You have very sharp teeth.
Your uncanny sense of smell can sniff out nearby items.


Message History

The rat barely misses you. The dart slug barely misses you. The bat hits you.
* * * LOW HITPOINT WARNING * * *
The bat closely misses you.
The crimson imp blinks!
It was a potion of berserk rage.
A red film seems to cover your vision as you go berserk!
You feel yourself moving faster!
You feel mighty! The bat closely misses you.
The goblin hits you but does no damage.
You feel a strong urge to attack something.
The bat closely misses you. The bat hits you.
* * * LOW HITPOINT WARNING * * *
You sock the bat!
You kill the bat!
The goblin misses you.
You closely miss the goblin. Your bite misses the goblin.
The goblin barely misses you.
You closely miss the goblin. You bite the goblin.
You kill the goblin!
You sock the rat!
You kill the rat!
Natasha casts a spell.
You sock the dart slug!
You kill the dart slug!
You sock the ooze!
You kill the ooze!
Your Invocations skill increases to level 1!
You are no longer berserk.
You are exhausted.
You feel yourself slow down.
Found a robe.
Casting: Sting (safe; 5% risk of failure)
Confirm with . or Enter, or press ? or * to list all spells.
Aiming: Sting (safe; 5% risk of failure)
Press: ? - help, Shift-Dir - straight line, f - Natasha
Aim: Natasha (36% to evade)
You miscast Sting.
You are very lightly contaminated with residual magic.
Nothing appears to happen.
Natasha claws you.
You die...

.[..... #.....#
#..8..#####
#.8_8.....### #
#..8...##........$..
####..........###..
..##
...................
.... #@#.J#...#..#
..#
#h#......#..##..#
#††.5.5..#......#. ∆
#####.##.##.##....
........#..J..†<....
∆
..##.........÷#.....
∆ #.##...h...#.....
∆ ... ##...5..#.....
### #.........#..


You could see Natasha.

Vanquished Creatures
  An adder (D:1)
  An ooze (D:2)
  2 dart slugs
  A leopard gecko (D:2)
  A ball python (D:1)
  4 bats
  3 goblins
  A hobgoblin (D:1)
  4 kobolds
  A frilled lizard (D:1)
  3 rats
22 creatures vanquished.

Notes
Turn   | Place    | Note
-------+----------+-------------------------------------------
     0 | D:1      | Anon1729 the Gnoll Wanderer began the quest for the Orb.
     0 | D:1      | Anon1729 set off with the following items: a +0 club, a
                  | scroll of teleportation, a +0 robe; and the following spell
                  | memorised: Sting; and the following spells available to
                  | memorise: Poisonous Vapours, Ignite Poison, Mephitic Cloud,
                  | Olgreb's Toxic Radiance
     0 | D:1      | Reached XP level 1. HP: 13/13 MP: 8/8
   184 | D:1      | Reached XP level 2. HP: 15/19 MP: 1/10
   766 | D:1      | Reached XP level 3. HP: 5/25 MP: 6/11
  1050 | D:2      | Noticed Natasha
  1054 | D:2      | Found a faded altar of an unknown god.
  1069 | D:2      | Reached skill level 1 in Invocations
  1070 | D:2      | Slain by Natasha

Illustrated notes

Levels and vault maps discovered:
D:1:      psy_arrival_spokes, layout_basic
D:2:      minmay_recursive_quarters, layout_basic,
          chequers_ecumenical_altar_simple, uniq_natasha

Skill      XL: |  1  2  3 |
---------------+----------+-----
Invocations    | 1 |  1.0
Fighting       | |  0.8
Short Blades   | |  0.8
Long Blades    | |  0.8
Axes           | |  0.8
Maces & Flails | |  0.8
Polearms       | |  0.8
Staves         | |  0.8
Slings         | |  0.8
Bows           | |  0.8
Crossbows      | |  0.8
Throwing       | |  0.8
Armour         | |  0.8
Dodging        | |  0.8
Stealth        | |  0.8
Shields        | |  0.8
Unarmed Combat | |  0.8
Spellcasting   | |  7.1
Conjurations   | |  0.5
Hexes          | |  5.4
Summonings     | |  0.5
Necromancy     | |  0.5
Translocations | |  0.5
Transmutations | |  0.5
Fire Magic     | |  0.5
Ice Magic      | |  0.5
Air Magic      | |  0.5
Earth Magic    | |  0.5
Poison Magic   | |  3.7
Evocations     | |  4.5

Action                   || total
-------------------------++-------
Melee: Club              ||    13
       Bite              ||     1
 Cast: Sting             ||    34
  Use: Potion            ||     1
Armor: Robe              ||    10
Dodge: Dodged            ||    28

Table legend: (Time is in decaauts)
 A = Elapsed time spent in this place.
 B = Non-inter-level travel time spent in this place.
 C = Inter-level travel time spent in this place.
 D = Time resting spent in this place.
 E = Time spent auto-exploring this place.
 F = Levels seen in this place.
 G = Mean time per level.
                   A        B        C        D        E       F      G
               +--------+--------+--------+--------+--------+-----+--------+
         Total |   1071 |   1054 |     17 |    355 |    538 |   2 |  535.5 |
       Dungeon |   1071 |   1054 |     17 |    355 |    538 |   2 |  535.5 |
               +--------+--------+--------+--------+--------+-----+--------+

Top non-repeatable levels by time:
     D:1: 1038 daAuts
     D:2: 32 daAuts
